 Dungeon Crawl Stone Soup version 0.18-b1-22-ge198996 (webtiles) character file.

221 Wooh the Insei (level 5, -2/42 HPs)
             Began as a Merfolk Transmuter on May 4, 2016.
             Was a Believer of Cheibriados.
             Slain by an iguana (4 damage)
             ... on level 4 of the Dungeon.
             The game lasted 00:17:12 (3638 turns).

Wooh the Insei (Merfolk Transmuter)                 Turns: 3638, Time: 00:17:14

Health: -2/42      AC:  8    Str: 14    XL:     5   Next: 98%
Magic:  4/8        EV: 13    Int: 18    God:    Cheibriados [**....]
Gold:   149        SH:  0    Dex: 20    Spells: 3 memorised, 2 levels left

rFire  . . .     SeeInvis .       - Unarmed
rCold  . . .     Gourm    .     k - +0 leather armour (curse)
rNeg   . . .     Faith    .     (no shield)
rPois  .         Spirit   .     (no helmet)
rElec  .         Dismiss  .     m - +2 cloak
rCorr  .         Reflect  .     l - +1 pair of gloves
SustAt .         Harm     .     (no boots)
MR     .....                    j - amulet of inaccuracy (curse)
Stlth  ++........               (no ring)
                                i - +2 ring of dexterity

@: appendage (expiring), very slow, not resistant to hostile enchantments,
unstealthy
A: change form in water, swift swim, horns 2
a: End Transformation, Bend Time, Renounce Religion


You were on level 4 of the Dungeon.
You worshipped Cheibriados.
Cheibriados was pleased with you.
You were not hungry.
You had grown temporary horns.
You visited 1 branch of the dungeon, and saw 4 of its levels.

You collected 149 gold pieces.

Inventory:

Missiles
 a - 87 arrows
Armour
 b - a +0 robe
 k - a cursed +0 leather armour (worn)
 l - a +1 pair of gloves (worn)
 m - a +2 cloak (worn)
Jewellery
 i - a +2 ring of dexterity (left hand)
 j - a cursed amulet of inaccuracy (around neck)
 p - an uncursed amulet of harm {unknown}
Scrolls
 e - 2 scrolls of identify
 g - a scroll of enchant weapon
Potions
 h - 2 potions of degeneration {unknown}
 o - a potion of heal wounds {unknown}
 q - a potion of agility
 r - a potion of mutation {unknown}
 s - a potion of cancellation {unknown}
Books
 c - a book of Changes

   Spells                             Type                      Level
   a - Beastly Appendage              Transmutation                1
   b - Sticks to Snakes               Transmutation                2
   c - Spider Form                    Transmutation/Poison         3
   d - Ice Form                       Ice/Transmutation            4
   e - Blade Hands                    Transmutation                5
Comestibles
 d - 3 bread rations
 f - a meat ration
 n - 2 slices of pizza


   Skills:
 - Level 4.1 Fighting
 - Level 2.6 Dodging
 + Level 5.2 Unarmed Combat
 - Level 2.0 Spellcasting
 - Level 3.7 Transmutations


You had 2 spell levels left.
You knew the following spells:

 Your Spells              Type           Power        Failure   Level  Hunger
a - Beastly Appendage     Trmt           ###...       6%          1    #......
b - Sticks to Snakes      Trmt           ###.....     10%         2    ###....
c - Spider Form           Trmt/Pois      #.........   38%         3    ###....


Dungeon Overview and Level Annotations

Branches:
Dungeon (4/15)
 Temple: D:4-7

Altars:
Cheibriados
Fedhas
Vehumet
Zin


Innate Abilities, Weirdness & Mutations

You revert to your normal form in water.
You are very nimble and swift while swimming.
You have a pair of horns on your head.


Message History

* * * LOW HITPOINT WARNING * * *
Casting: Beastly Appendage
Confirm with . or Enter, or press ? or * to list all spells.
You create a snake!
You now have 88 arrows.
The iguana bites you but does no damage.
Your transformation is almost over.
Your ball python closely misses the iguana. x2
The iguana bites you but does no damage.
Your ball python closely misses the iguana.
Your ball python barely misses the iguana.
Casting: Sticks to Snakes
Confirm with . or Enter, or press ? or * to list all spells.
You create a snake!
You now have 87 arrows.
The iguana bites you but does no damage.
Your ball python closely misses the iguana. x2
Your ball python bites the iguana but does no damage.
Your ball python barely misses the iguana.
The iguana hisses menacingly.
The iguana bites you.
You die...

##8.
...8######........
####.
....###.......#
#.#8
...>#........# #.#
..$##........# #.#
.8##........# #.#
#........# #.#
#########S.......#
#.#
#......Sl#.......#
#.#
#......@.#########
#.#####........#
#..............#
######.........#
#.........#
#.......).#
#.........#
#.#####'### #.#
#.#


You could see an iguana, a friendly adder and a friendly ball python.

Vanquished Creatures
  Natasha (D:2)
  Robin (D:2)
  2 worker ant zombies (D:3)
  3 adders (D:3)
  An adder zombie (D:3)
  An adder skeleton (D:3)
  3 worms
  3 dart slugs
  2 giant geckos (D:3)
  2 ball pythons (D:1)
  8 bats
  6 giant cockroaches
  20 goblins
  11 hobgoblins
  6 jackals (D:1)
  5 kobolds
  A quokka (D:2)
  2 giant newts (D:1)
  5 rats
83 creatures vanquished.

Vanquished Creatures (collateral kills)
  Terence (D:2)
  An adder (D:2)
2 creatures vanquished.

Grand Total: 85 creatures vanquished

Notes
Turn   | Place    | Note
--------------------------------------------------------------
     0 | D:1      | Wooh the Merfolk Transmuter began the quest for the Orb.
     0 | D:1      | Reached XP level 1. HP: 15/15 MP: 3/3
    92 | D:1      | Reached XP level 2. HP: 4/22 MP: 3/5
   588 | D:1      | Reached XP level 3. HP: 16/29 MP: 6/6
   615 | D:1      | Learned a level 2 spell: Sticks to Snakes
   978 | D:1      | Learned a level 3 spell: Spider Form
  1023 | D:2      | Noticed Robin
  1102 | D:1      | HP: 1/30 [hobgoblin/club[Robin] (3)]
  1501 | D:2      | Found a snail-covered altar of Cheibriados.
  1547 | D:2      | Became a worshipper of Cheibriados the Contemplative
  1652 | D:2      | Reached XP level 4. HP: 37/37 MP: 7/7
  2066 | D:2      | Noticed Terence
  2137 | D:2      | Killed Terence
  2449 | D:2      | Reached * piety under Cheibriados
  2468 | D:2      | Noticed Natasha
  2490 | D:2      | Killed Natasha
  2490 | D:2      | Reached XP level 5. HP: 20/42 MP: 6/8
  2715 | D:2      | Killed Robin
  2715 | D:2      | Reached skill level 4 in Unarmed Combat
  3234 | D:3      | Reached skill level 5 in Unarmed Combat
  3373 | D:3      | Found a radiant altar of Vehumet.
  3500 | D:3      | Reached ** piety under Cheibriados
  3601 | D:4      | Found a glowing silver altar of Zin.
  3620 | D:4      | Found a blossoming altar of Fedhas.
  3631 | D:4      | HP: 1/42 [iguana (9)]
  3638 | D:4      | Slain by an iguana

Skill      XL: |  1  2  3  4  5 |
---------------+----------------+-----
Fighting       | 2 3 4 |  4.1
Transmutations | 3 |  3.7
Unarmed Combat | 5 |  5.2
Dodging        | |  2.6
Spellcasting   | |  2.0

Action                   |  1- 3 |  4- 6 || total
-------------------------+-------+-------++-------
Melee: Unarmed           |   180 |   283 ||   463
       Headbutt          |     5 |     6 ||    11
       Punch             |     1 |     2 ||     3
 Cast: Beastly Appendage |     7 |     9 ||    16
       Sticks to Snakes  |       |     8 ||     8
 Abil: End Transformatio |     1 |       ||     1
  Use: Scroll            |     2 |     2 ||     4
       Potion            |     1 |       ||     1
 Stab: Sleeping          |     1 |     2 ||     3
       Distracted        |       |     1 ||     1
  Eat: Chunk             |     3 |     6 ||     9
Armor: Robe              |    17 |       ||    17
       Leather armour    |    33 |   108 ||   141
Dodge: Dodged            |   128 |   202 ||   330
